 Seeded DCSS version 0.30-a0-1066-g63dfefce0d (webtiles) character file.

Game seed: 3197891053798171883 (custom seed)

512 Twinkles the Stinger (level 7, -5/46 HPs)
             Began as an Octopode Wanderer on Apr 12, 2023.
             Was an Initiate of Ru.
             Slain by a phantom (6 damage)
             ... on level 5 of the Dungeon.
             The game lasted 00:07:53 (3189 turns).

Twinkles the Stinger (Octopode Wanderer)            Turns: 3189, Time: 00:07:53

Health: -5/46      AC:  1    Str: 15    XL:     7   Next: 19%
Magic:  8/8        EV: 12    Int: 12    God:    Ru [......]
Gold:   186        SH:  0    Dex: 12    Spells: 4/8 levels left

rFire   . . .      SeeInvis .    d - +2 dagger (drain)
rCold   . . .      Faith    .    (no shield)
rNeg    . . .      Spirit   .    (helmet restricted)
rPois   +          Reflect  .    (no amulet)
rElec   .          Rampage  .    n - ring of wizardry
rCorr   .                        p - ring of poison resistance
Will    .....                    (no ring)
Stlth   +++                      (no ring)
HPRegen 0.27/turn                (no ring)
MPRegen 0.11/turn                (no ring)
                                 (no ring)
                                 (no ring)

@: no status effects
A: almost no armour, amphibious, 8 rings, camouflage 1, gelatinous body 1,
(nimble swimmer 1), tentacles
a: Renounce Religion


You were on level 5 of the Dungeon.
You worshipped Ru.
Ru was noncommittal.
You visited 1 branch of the dungeon, and saw 5 of its levels.

You collected 186 gold pieces.

Inventory:

Hand Weapons
 a - a +0 trident
 c - a +0 dagger
 d - a +2 dagger of draining (weapon)
Missiles
 b - 23 poisoned darts (quivered)
Jewellery
 n - a ring of wizardry (left tentacle)
 p - a ring of poison resistance (right tentacle)
Scrolls
 e - a scroll of fear {unknown}
 g - a scroll of amnesia {unknown}
 h - a scroll of vulnerability {unknown}
 j - a scroll of enchant armour {unknown}
 l - 4 scrolls of poison {unknown}
 m - 5 scrolls of identify {unknown}
 o - a scroll of enchant weapon {unknown}
 r - 3 scrolls of noise {unknown}
Potions
 f - 2 potions of mutation {unknown}
 i - 2 potions of heal wounds {unknown}
 k - a potion of curing {unknown}
 q - 2 potions of brilliance {unknown}
 T - a potion of berserk rage


   Skills:
 + Level 3.6 Fighting
 - Level 3.0 Polearms
 - Level 1.0 Throwing
 + Level 4.0 Stealth
 + Level 2.8 Unarmed Combat
 - Level 1.0 Spellcasting
 - Level 2.0 Conjurations
 + Level 1.4 Transmutations
 - Level 2.2 Air Magic
 + Level 5.1 Poison Magic


You had 4 spell levels left.
You knew the following spells:

 Your Spells              Type           Power      Damage    Failure   Level
a - Sting                 Tmut/Pois      32%        1d4       3%          1
b - Mephitic Cloud        Conj/Pois/Air  8%         N/A       11%         3

Your spell library contained the following spells:

 Spells                   Type           Power      Damage    Failure   Level
 Freeze                   Ice            0%         1d3       12%         1
 Slow                     Hex            0%         N/A       12%         1
 Vhi's Electric Charge    Tloc/Air       6%         N/A       22%         3
 Hailstorm                Conj/Ice       3%         3d3       24%         3
 Confusing Touch          Hex            0%         N/A       32%         3
 Frozen Ramparts          Ice            0%         1d1       32%         3
 Inner Flame              Hex/Fire       0%         N/A       32%         3
 Vampiric Draining        Necr           0%         2d6       32%         3
 Flame Wave               Conj/Fire      3%         2d5       58%         4
 Sticky Flame             Conj/Fire      3%         2d3       58%         4
 Alistair's Intoxication  Tmut/Pois      5%         N/A       61%         5
 Arcjolt                  Conj/Air       2%         1d12      77%         5
 Borgnjor's Vile Clutch   Necr/Erth      0%         N/A       96%         5
 Eringya's Noxious Bog    Tmut/Pois      4%         N/A       99%         6
 Plasma Beam              Fire/Air       1%         2x1d12    100%        6


Dungeon Overview and Level Annotations

Branches:
Dungeon (5/15) Zot: 26811
 Temple: D:4-7

Altars:
Ru
Zin
The Shining One

Shops:
D:4 =


Innate Abilities, Weirdness & Mutations

You cannot wear most types of armour.
You are amphibious.
You can wear up to eight rings at the same time.
Your skin changes colour to match your surroundings (Stealth+).
Your rubbery body absorbs attacks. (AC +1, EV +1)
((You are camouflaged when in or above water. (Stealth+)))
You have tentacles for arms and can constrict up to eight enemies at once.


Message History

The phantom hits you!
The phantom blinks!
You blink.
You closely miss the phantom.
The phantom is lightly damaged.
The phantom hits you.
You hit the phantom.
The phantom is lightly damaged.
The phantom hits you.
You barely miss the phantom.
The phantom is lightly damaged.
The phantom hits you!
You closely miss the phantom. Your squeeze misses the phantom.
The phantom is lightly damaged.
The phantom hits you.
You hit the phantom.
The phantom is moderately damaged.
The phantom hits you.
* * * LOW HITPOINT WARNING * * *
You hit the phantom. Your squeeze misses the phantom.
The phantom is moderately damaged.
The phantom hits you.
* * * LOW HITPOINT WARNING * * *
You closely miss the phantom.
You squeeze the phantom, but do no damage.
The phantom is moderately damaged.
The phantom misses you.
You miss the phantom.
The phantom is moderately damaged.
The phantom hits you.
* * * LOW HITPOINT WARNING * * *
You hit the phantom. You tentacle-slap the phantom.
The phantom is moderately damaged.
The phantom misses you.
You hit the phantom but do no damage.
The phantom is moderately damaged.
The phantom hits you.
* * * LOW HITPOINT WARNING * * *
You hit the phantom but do no damage.
The phantom is moderately damaged.
The phantom hits you.
You die...

. ... .... .....
.....##################
#####.|...............#
'...#.................#
#...#...........@.....#
#...#..........W......#
#...#.................#
#...#.................#
#...##'##.......#######
........#.......#....#
........#.......#....#
#..†....#.......#....#
#.......#.......'....#


You could see a phantom.

Vanquished Creatures
  Sigmund (D:2)
  An ogre (D:4)
  4 hounds
  Jessica (D:2)
  An orc wizard (D:3)
  3 adders
  An ufetubus (D:3)
  2 worms
  4 dart slugs
  3 orcs
  4 ball pythons
  4 bats
  4 endoplasms
  3 giant cockroaches
  4 goblins
  3 hobgoblins
  5 jackals
  A quokka (D:5)
  2 frilled lizards
  5 kobolds
  A rat (D:3)
57 creatures vanquished.

Notes
Turn   | Place    | Note
-------+----------+-------------------------------------------
     0 | D:1      | Twinkles the Octopode Wanderer began the quest for the Orb.
     0 | D:1      | Twinkles set off with the following items: a +0 trident, 14
                  | poisoned darts, a +0 dagger, a potion of berserk rage; and
                  | the following spell memorised: Sting; and the following
                  | spells available to memorise: Mephitic Cloud.
     0 | D:1      | Reached XP level 1. HP: 14/14 MP: 2/2
   171 | D:1      | Reached XP level 2. HP: 19/19 MP: 3/3
   472 | D:1      | Reached skill level 1 in Stealth
   958 | D:2      | Reached XP level 3. HP: 24/24 MP: 4/4
  1015 | D:2      | Noticed Jessica
  1020 | D:2      | Reached skill level 1 in Unarmed Combat
  1020 | D:2      | Reached skill level 4 in Poison Magic
  1022 | D:2      | Killed Jessica
  1023 | D:2      | Reached skill level 1 in Conjurations
  1023 | D:2      | Reached skill level 1 in Air Magic
  1023 | D:2      | Reached XP level 4. HP: 10/30 MP: 5/5
  1233 | D:2      | Noticed Sigmund
  1241 | D:2      | Killed Sigmund
  1242 | D:2      | Reached XP level 5. HP: 20/36 MP: 6/6
  1468 | D:2      | Reached XP level 6. HP: 42/42 MP: 7/7
  1711 | D:2      | Learned a level 3 spell: Mephitic Cloud
  1817 | D:3      | Found a faded altar of an unknown god.
  1920 | D:3      | HP: 12/42 [orc/+0 club (5)]
  2043 | D:3      | Found a glowing golden altar of the Shining One.
  2618 | D:4      | Found Ziol's One-of-a-Kind Rings.
  2692 | D:4      | Reached skill level 1 in Transmutations
  2753 | D:4      | Reached skill level 5 in Poison Magic
  2796 | D:4      | Reached XP level 7. HP: 37/46 MP: 8/8
  2901 | D:4      | Found a glowing silver altar of Zin.
  2901 | D:4      | Found a sacrificial altar of Ru.
  2918 | D:4      | Became a worshipper of Ru the Awakened
  3059 | D:5      | Entered Level 5 of the Dungeon
  3183 | D:5      | HP: 10/46 [phantom (5)]
  3188 | D:5      | HP: 1/46 [phantom (6)]
  3189 | D:5      | Slain by a phantom

Illustrated notes

Levels and vault maps discovered:
D:1:      mrwooster_arrival_statue_3, layout_basic
D:2:      layout_loops_corners, uniq_sigmund, uniq_jessica
D:3:      layout_loops_ring, old_standard_altar, basic_ecumenical_altar
D:4:      layout_basic, chequers_temple_overflow_statue_of_worship,
          nicolae_shop_unique_rings
D:5:      layout_gridville

Skill      XL: |  1  2  3  4  5  6  7 |
---------------+----------------------+-----
Stealth        | 1 3 4 |  4.0
Unarmed Combat | 1 2 |  2.8
Poison Magic   | 4 5 |  5.1
Conjurations   | 1 2 |  2.0
Air Magic      | 1 2 |  2.2
Fighting       | 3 |  3.6
Transmutations | 1 |  1.4
Polearms       | |  3.0
Throwing       | |  1.0
Spellcasting   | |  1.0

Action                     |  1- 3 |  4- 6 |  7- 9 || total
---------------------------+-------+-------+-------++-------
  Melee: Dagger            |    25 |    75 |    33 ||   133
         Tentacles         |     9 |    11 |     4 ||    24
         Constrict         |     8 |    20 |     2 ||    30
         Trident           |     1 |       |       ||     1
         Punch             |     1 |     2 |     1 ||     4
   Stab: Sleeping          |     5 |     8 |     3 ||    16
 Armour: Skin              |     1 |     7 |     2 ||    10
  Dodge: Dodged            |    12 |    50 |    11 ||    73

Table legend: (Time is in decaauts)
 A = Elapsed time spent in this place.
 B = Non-inter-level travel time spent in this place.
 C = Inter-level travel time spent in this place.
 D = Time resting spent in this place.
 E = Time spent auto-exploring this place.
 F = Levels seen in this place.
 G = Mean time per level.
                   A        B        C        D        E       F      G
               +--------+--------+--------+--------+--------+-----+--------+
         Total |   3187 |   3076 |    111 |     31 |   2603 |   5 |  637.4 |
       Dungeon |   3187 |   3076 |    111 |     31 |   2603 |   5 |  637.4 |
               +--------+--------+--------+--------+--------+-----+--------+

Top non-repeatable levels by time:
     D:2: 966 daAuts
     D:1: 849 daAuts
     D:3: 761 daAuts
     D:4: 480 daAuts
     D:5: 129 daAuts
